[Event "*** MasterClass Titled Tuesday Blitz"]
[Site "Chess.com"]
[Date "2017.09.05"]
[Round "2"]
[White "MartinMatthiesen"]
[Black "djogrodek1"]
[Result "1-0"]
[WhiteElo "2308"]
[BlackElo "2428"]
[TimeControl "180+2"]
[EndTime "13:22:56 PDT"]
[Termination "MartinMatthiesen won by resignation"]

1. d4 d5 2. Bf4 Nf6 3. e3 c5 4. dxc5 Nc6 5. Bb5 e6 6. b4 a5 7. c3 Bd7 8. Ne2 axb4 9. Bxc6 Bxc6 10. cxb4 b6 11. O-O bxc5 12. bxc5 Bxc5 13. Qc2 Nd7 14. a4 O-O 15. Nbc3 Qa5 16. Rfb1 Rfc8 17. Nd4 e5 18. Nxc6 Rxc6 19. Nxd5 Rac8 20. Bg3 Kh8 21. Qe4 Bd6 22. h4 Nc5 23. Qf5 Ne6 24. e4 Nd4 25. Qxf7 Ne2+ 26. Kh2 Nxg3 27. fxg3 Rf8 28. Qd7 Qa6 29. Rb7 Rg8 30. a5 Bf8 31. Rb6 Rxb6 32. Nxb6 Qe2 33. Qd5 Bb4 34. a6 Be1 35. a7 Qe3 36. Qxg8+ Kxg8 37. a8=Q+ Kf7 38. Qd5+ Kg6 39. Qe6+ Kh5 40. Qxe5+ Kh6 41. Qf4+ 1-0

[Event "*** MasterClass Titled Tuesday Blitz"]
[Site "Chess.com"]
[Date "2017.09.05"]
[Round "2"]
[White "Chess64Surfer"]
[Black "Hafez_Bakr"]
[Result "0-1"]
[WhiteElo "1990"]
[BlackElo "1870"]
[TimeControl "180+2"]
[EndTime "13:22:56 PDT"]
[Termination "Hafez_Bakr won on time"]

1. c4 f5 2. g3 Nf6 3. Bg2 d6 4. Nc3 e5 5. d3 c6 6. e4 Be7 7. Nge2 O-O 8. O-O fxe4 9. dxe4 Kh8 10. h3 Be6 11. b3 Qd7 12. Kh2 Na6 13. Be3 b6 14. Qd2 Rad8 15. Rad1 Nc7 16. f4 exf4 17. Nxf4 Bf7 18. Bd4 Ne6 19. Be3 Qc7 20. Qe2 Rfe8 21.
Rd2 Bf8 22. Rfd1 Ng5 23. Ng6+ Bxg6 24. Bxg5 Rd7 25. Bxf6 gxf6 26. Qf2 Bg7 27. Ne2 Rf8 28. Nf4 Bf7 29. Qe3 Qd8 30. Qc3 Qe7 31. Qe3 f5 32. Qe2 Rdd8 33. exf5 Qg5 34. Rxd6 Rxd6 35. Rxd6 Qxf5 36.
Qe7 Re8 37. Qxa7 Be5 38. Rd7 Rf8 39. Ne2 c5 40. Ng1 Qf2 41. Nf3 Bxg3+ 42. Kh1 Qe3 43. Re7 Qc1+ 44. Ng1 Bf2 0-1

[Event "*** MasterClass Titled Tuesday Blitz"]
[Site "Chess.com"]
[Date "2017.09.05"]
[Round "2"]
[White "Oneofmyturns"]
[Black "Tarlev_Konstantin"]
[Result "0-1"]
[WhiteElo "2464"]
[BlackElo "2645"]
[TimeControl "180+2"]
[EndTime "13:22:58 PDT"]
[Termination "Tarlev_Konstantin won by resignation"]

1. d4 Nf6 2. c4 e6 3. Nc3 Bb4 4. Qc2 O-O 5. Nf3 b6 6. e4 Bxc3+ 7. bxc3 d6 8. Bd3 h6 9. O-O Bb7 10. Re1 Nfd7 11. Be3 e5 12. Nd2 Nc6 13. Qb2 Qe7 14.
f4 exf4 15. Bxf4 Rae8 16. Re2 Nd8 17. Rf1 Ne6 18. Bg3 Nf6 19. Bh4 Ng5 20. Qc2 Nh5 21. Ref2 Nh3+ 22. gxh3 Qxh4 23. Rf3 f5 24. Rxf5 Rxf5 25.
Rxf5 Nf4 26. Bf1 Rxe4 27. Nxe4 Bxe4 28. Rxf4 Qxf4 29. Qe2 c5 30. dxc5 dxc5 31. Qf2 Qg5+ 32. Qg3 Qc1 33. a3 Qxa3 34. Qe5 Bg6 35. Bg2 Qa1+ 36. Kf2 Qb1 37. Bd5+ Kh7 38. h4 Qf5+ 39. Qxf5 Bxf5 40. Bc6 Kg6 41. Bb5 Kf6 42. Kg3 Ke5 43. Kf3 Be6 44. Ke3 Bc8 45. Bc6 a6 46. Be8 a5 47.
Bb5 Kd6 48. Kf4 Bd7 0-1

[Event "*** MasterClass Titled Tuesday Blitz"]
[Site "Chess.com"]
[Date "2017.09.05"]
[Round "2"]
[White "ViIIagra"]
[Black "DrVitman"]
[Result "1/2-1/2"]
[WhiteElo "2670"]
[BlackElo "2498"]
[TimeControl "180+2"]
[EndTime "13:22:59 PDT"]
[Termination "Game drawn by agreement"]

1. e4 c5 2. Nf3 Nc6 3. Bb5 Nf6 4. Nc3 e5 5. d3 d6 6. Bg5 Bd7 7.
Bc4 Be7 8. Bxf6 Bxf6 9. O-O Ne7 10. Nd5 Nxd5 11. Bxd5 Rb8 12. a4 O-O 13. Nd2 b6 14.
Nc4 Qe7 15. f4 exf4 16. Rxf4 Bxa4 17. Qf3 Bb5 18. Rf1 Bxc4 19. dxc4 Bxb2 20. Rxf7 Rxf7 21. Qxf7+ Qxf7 22. Rxf7 Bd4+ 23. Kf1 Kh8 24. Rxa7 Rf8+ 25. Ke1 g6 26. g4 Be5 27. h3 Bg3+ 28. Ke2 g5 29.
Be6 Rf2+ 30. Kd3 Rf3+ 31. Ke2 Rf2+ 32. Kd3 Be5 33. Ra8+ Kg7 34. Rg8+ Kh6 35. Rb8 Kg6 36. Bf5+ Kf6 37. Bxh7 Rf3+ 38. Ke2 Rxh3 39. Bf5 Bf4 40. Rxb6 Ke5 41. Rb3 Rh2+ 42. Kd3 Rh3+ 43. Ke2 Rxb3 44. cxb3 Kd4 1/2-1/2

[Event "*** MasterClass Titled Tuesday Blitz"]
[Site "Chess.com"]
[Date "2017.09.05"]
[Round "2"]
[White "Alex_Molchanov"]
[Black "ChadaevNikolay"]
[Result "0-1"]
[WhiteElo "2502"]
[BlackElo "2706"]
[TimeControl "180+2"]
[EndTime "13:23:02 PDT"]
[Termination "ChadaevNikolay won by resignation"]

1. c4 e5 2. g3 Nf6 3. Bg2 c6 4. d4 Bb4+ 5. Bd2 Bxd2+ 6. Qxd2 d6 7. Nc3 O-O 8. e3 Re8 9. Nge2 Qe7 10. dxe5 dxe5 11.
O-O Na6 12. Rad1 Be6 13. b3 Nc5 14. Qd6 Qxd6 15. Rxd6 a5 16. Rfd1 Kf8 17. h3 h6 18.
f4 exf4 19. exf4 Bf5 20. g4 Be4 21. Bxe4 Nfxe4 22. Nxe4 Rxe4 23. Kf1 Rae8 24. R1d2 Re3 25. R6d4 Rxh3 26. Rd8 Re3 27. Rxe8+ Rxe8 28. Ng3 g6 29.
Kf2 Kg7 30. Kf3 Re1 31. f5 Kf6 32. fxg6 fxg6 33. Kf2 Re7 34. Kf3 Kg5 35. a3 Nxb3 36. Rd6 Nc5 37. Rd8 Rf7+ 38. Kg2 Kxg4 39. Re8 h5 40.
Re5 Rf2+ 41. Kg1 Kxg3 42. Rxc5 Ra2 43. Rg5+ Kf4 44. Rxg6 Rxa3 45. Rg7 b5 46. Rc7 bxc4 47. Rxc6 c3 48. Kg2 Ke3 49. Kg3 Kd2 50. Re6 c2+ 0-1

[Event "*** MasterClass Titled Tuesday Blitz"]
[Site "Chess.com"]
[Date "2017.09.05"]
[Round "2"]
[White "Vamostodorecto"]
[Black "dolynachess"]
[Result "0-1"]
[WhiteElo "2339"]
[BlackElo "2406"]
[TimeControl "180+2"]
[EndTime "13:23:02 PDT"]
[Termination "dolynachess won by resignation"]

1. d4 Nf6 2. c4 c5 3. d5 b5 4.
cxb5 a6 5. Nc3 axb5 6. e4 b4 7.
Nb5 d6 8. Bc4 g6 9. e5 dxe5 10.
d6 Na6 11. Bg5 Bg7 12. Nf3 O-O 13. Nxe5 h6 14. Nc6 Qb6 15. Nxe7+ Kh7 16. Bxf6 Bxf6 17. Qf3 Bxb2 18. Rb1 Bb7 19. Qb3 Bg7 20. O-O Bc6 21. a4 bxa3 22. Nxc6 Qxc6 23. Bd5 Qd7 24. Bxa8 Rxa8 25.
Qxa3 Nc7 26. Qb3 Nxb5 27. Qxb5 Qxd6 28. Qb7 Rf8 29. Rb6 Qd3 30. Qc7 Bd4 31. Rd6 Kg7 32. Rc1 Qd2 33. Qxc5 Qxf2+ 34. Kh1 Bxc5 0-1

[Event "*** MasterClass Titled Tuesday Blitz"]
[Site "Chess.com"]
[Date "2017.09.05"]
[Round "2"]
[White "abubakrtagelsir"]
[Black "Letinac"]
[Result "1-0"]
[WhiteElo "2214"]
[BlackElo "2082"]
[TimeControl "180+2"]
[EndTime "13:23:05 PDT"]
[Termination "abubakrtagelsir won by resignation"]

1. e4 d6 2. d4 c6 3. Nc3 Qc7 4. f4 Nd7 5. Nf3 e5 6. Be3 Ngf6 7. Qd2 Be7 8. h3 b6 9. g4 h6 10. O-O-O Bb7 11. Be2 O-O-O 12. Rhg1 Ne8 13. Bc4 Rf8 14. f5 f6 15. Kb1 Kb8 16. Nh4 b5 17. Be6 Nb6 18.
Ng6 b4 19. Ne2 c5 20. Nxf8 Bxf8 21. dxc5 Na4 22. Qxb4 Nxc5 23. Bxc5 dxc5 24. Rxd8+ Qxd8 25. Qc4 Nd6 26. Rd1 Qc7 27. Qa4 Bc6 28. Qb3+ Qb6 29.
Nc3 Qxb3 30. axb3 Kc7 31. Bd5 Bd7 32. Ne2 Be7 33. c3 Bb5 34. Ng3 a5 35. Kc2 Nc8 36.
Ra1 Kb6 37. Nh5 Bf8 38. b4 cxb4 39. cxb4 a4 40. Rd1 Nd6 41. Kc3 Nc8 42. Rc1 Be8 43. Kd3 Bxh5 44. Rxc8 Bxb4 45. gxh5 1-0

[Event "*** MasterClass Titled Tuesday Blitz"]
[Site "Chess.com"]
[Date "2017.09.05"]
[Round "2"]
[White "kikydu96"]
[Black "DiogenesSinopeus"]
[Result "1-0"]
[WhiteElo "2304"]
[BlackElo "2386"]
[TimeControl "180+2"]
[EndTime "13:23:05 PDT"]
[Termination "kikydu96 won by resignation"]

1. b3 e5 2. Bb2 Nc6 3. e3 d5 4. Bb5 Bd6 5. Nf3 f6 6. c4 a6 7.
cxd5 axb5 8. dxc6 bxc6 9. O-O Bg4 10. d3 Ne7 11. Nbd2 O-O 12. h3 Bh5 13. Qc2 Kh8 14. a4 Qd7 15. a5 Nd5 16. Rfc1 Nb4 17. Qc3 Be7 18. Ba3 c5 19. Bxb4 cxb4 20. Qxc7 Qe6 21. Rc6 Qf7 22. a6 Bd8 23. Qxf7 Rxf7 24. Ne4 Rfa7 25. Nd6 Rd7 26. d4 Bxf3 27. gxf3 exd4 28. exd4 h5 29. Nxb5 Rd5 30. Rc5 Rd7 31. Rxh5+ Kg8 32.
Rc5 Kh7 33. Rc4 Rd5 34. Rxb4 Bb6 35. a7 Rd7 36. Ra6 Rb7 37. Nd6 Rbxa7 38. Raxb6 Ra1+ 39. Kg2 Rd1 40. Rb7 Raa1 41. Kg3 Kh6 42. Kf4 Re1 43. Nf5+ Kh5 44. Nxg7+ Kg6 45. Nf5 1-0

[Event "*** MasterClass Titled Tuesday Blitz"]
[Site "Chess.com"]
[Date "2017.09.05"]
[Round "2"]
[White "jncool68"]
[Black "OparinGrigoriy"]
[Result "1/2-1/2"]
[WhiteElo "2468"]
[BlackElo "2602"]
[TimeControl "180+2"]
[EndTime "13:23:08 PDT"]
[Termination "Game drawn - insufficient material"]

1. e4 c5 2. Nf3 d6 3. d4 cxd4 4.
Nxd4 Nf6 5. Nc3 a6 6. Bg5 e6 7. f4 h6 8. Bh4 Qb6 9. Qd2 Qxb2 10. Rb1 Qa3 11. f5 Be7 12. fxe6 fxe6 13. Bc4 Nxe4 14. Nxe4 Bxh4+ 15. g3 Bg5 16. Nxg5 hxg5 17.
Nxe6 Qxg3+ 18. hxg3 Rxh1+ 19. Ke2 Rh2+ 20. Ke1 Rxd2 21.
Kxd2 Bxe6 22. Bxe6 Nc6 23. Rxb7 Nd8 24. Bd7+ Ke7 25.
Rc7 Kf6 26. g4 Nf7 27. Bc6 Rb8 28. Ra7 Rb6 29. Bb7 a5 30. Bc8 Rb5 31. a4 Rd5+ 32.
Ke3 Rc5 33. Bf5 Ne5 34. Ra6 Rc6 35. Rxc6 Nxc6 36. Ke4 Nb4 37. c3 Na6 38. Kd5 Nc5 39.
Bc2 Ke7 40. Kc6 Nd7 41. Kb5 Kd8 42. Kxa5 Kc7 43. Kb5 Ne5 44. Bf5 g6 45. Be6 Kb7 46. c4 Ka7 47. c5 dxc5 48. Kxc5 Ka6 49. Kd5 Nf3 50. Bd7 Ka5 51. Ke6 Nh2 52. Kf6 Nxg4+ 53. Bxg4 Kxa4 54. Kxg5 Kb5 55. Kxg6 1/2-1/2

[Event "*** MasterClass Titled Tuesday Blitz"]
[Site "Chess.com"]
[Date "2017.09.05"]
[Round "2"]
[White "Alohamora11"]
[Black "TenisMaster"]
[Result "0-1"]
[WhiteElo "2111"]
[BlackElo "2767"]
[TimeControl "180+2"]
[EndTime "13:23:08 PDT"]
[Termination "TenisMaster won by checkmate"]

1. e4 e5 2. Nf3 Nc6 3. Bb5 a6 4. Ba4 Nf6 5. O-O Bc5 6. Re1 b5 7. Bb3 d6 8. c3 O-O 9. d4 Bb6 10. Bg5 h6 11. Bh4 Rb8 12. Na3 Bg4 13. d5 Ne7 14.
Bxf6 gxf6 15. h3 Bd7 16. Qd2 Kh7 17. g4 Ng6 18. Kh2 Nf4 19. Nc2 Rg8 20. Ne3 Rg7 21. Nh4 Rg5 22. Nef5 Qg8 23. f3 Bxf5 24. exf5 Qc8 25.
Ng2 Nxg2 26. Kxg2 Qb7 27. a4 Bc5 28. a5 Rbg8 29. Rh1 Qa7 30. Kf1 Be3 31. Qe2 Bf4 32. Qf2 Qb7 33. Rd1 Kh8 34. h4 R5g7 35. g5 fxg5 36.
hxg5 Bxg5 37. Rh5 Qc8 38. Bc2 f6 39. Ke2 Bf4 40. Qh4 Rg2+ 41. Kd3 Qf8 42. Rh1 Rd2+ 43.
Ke4 Re2+ 44. Kd3 Rd2+ 45. Ke4 Rxc2 46. Qe1 Rgg2 47. Qf1 Rge2+ 48. Kd3 Rcd2# 0-1

[Event "*** MasterClass Titled Tuesday Blitz"]
[Site "Chess.com"]
[Date "2017.09.05"]
[Round "2"]
[White "VSERGUEI"]
[Black "gkchesstiger"]
[Result "0-1"]
[WhiteElo "2529"]
[BlackElo "2669"]
[TimeControl "180+2"]
[EndTime "13:23:09 PDT"]
[Termination "gkchesstiger won on time"]

1. d4 d5 2. c4 c6 3. cxd5 cxd5 4. Bf4 e6 5. e3 Bd6 6. Bxd6 Qxd6 7. Nc3 Ne7 8. Nf3 Nbc6 9. Bd3 h6 10. O-O O-O 11.
Rc1 Rd8 12. a3 Bd7 13. Na4 b6 14. Nc3 Be8 15. Ba6 f6 16. Qe2 Rab8 17. h3 Bh5 18. Rc2 e5 19. dxe5 fxe5 20. Rd1 Qf6 21. e4 Nd4 22. Rxd4 exd4 23. Nxd5 Nxd5 24. Bc4 Bf7 25. exd5 Bxd5 26. Qd3 Kh8 27. Qxd4 Bxf3 28. Qxf6 gxf6 29. gxf3 Rbc8 30. a4 a6 31. Rc3 Rd4 32. Bxa6 Rxc3 33. bxc3 Rxa4 34. Bb5 Ra3 35. c4 Rxf3 36. Kg2 Rc3 37. f3 Kg7 38. Kg3 f5 39. Kf4 Kf6 40. h4 Rd3 41. Ba6 Rd4+ 42. Kg3 h5 43. Bb5 f4+ 44.
Kh3 Rd3 45. Kg2 Rd2+ 46. Kg1 Rc2 47. Ba6 Ke5 48. Bb5 Kd4 49. Be8 Rxc4 50. Bxh5 b5 51. Bg6 Ke5 52. Bd3 Rc1+ 53. Kg2 b4 54. h5 Kf6 55. h6 b3 56. Kh3 b2 57. h7 Kg7 58.
Kg4 b1=Q 59. Bxb1 Rxb1 60. Kxf4 Rb5 61. Kg4 Kxh7 62. f4 Kg6 63. Kh4 Kf5 64. Kg3 Rb3+ 65. Kh4 Rc3 66. Kh5 Rg3 67. Kh6 Kxf4 0-1

[Event "*** MasterClass Titled Tuesday Blitz"]
[Site "Chess.com"]
[Date "2017.09.05"]
[Round "2"]
[White "Me_ch_an"]
[Black "novocane"]
[Result "1-0"]
[WhiteElo "2209"]
[BlackElo "2120"]
[TimeControl "180+2"]
[EndTime "13:23:11 PDT"]
[Termination "Me_ch_an won by resignation"]

1. e4 c5 2. Na3 Nc6 3. Bb5 Nd4 4. Nf3 Nxb5 5. Nxb5 a6 6. Na3 e6 7. O-O Nf6 8. Re1 d6 9. c3 Be7 10. Nc2 O-O 11. d4 d5 12. exd5 Nxd5 13. c4 Nf6 14. Bg5 b6 15. Qe2 Bb7 16. Rad1 cxd4 17. Ncxd4 Qc7 18.
Rc1 Rad8 19. Red1 Ne4 20. Bxe7 Qxe7 21. a3 h6 22. b4 Qf6 23. c5 bxc5 24. bxc5 Bd5 25.
Qxa6 Ng5 26. Nxg5 Qxg5 27. Qf1 Bxg2 28. Qxg2 Rxd4 29. Qxg5 Rxd1+ 30. Rxd1 hxg5 31. c6 Rc8 32. Rc1 Kf8 33. Kg2 Ke7 34. Kf3 Kd6 35. Kg4 f6 36. Kh5 Rxc6 37. Rxc6+ Kxc6 38. Kg6 e5 39. Kxg7 f5 40.
Kf6 f4 41. Kxe5 1-0

[Event "*** MasterClass Titled Tuesday Blitz"]
[Site "Chess.com"]
[Date "2017.09.05"]
[Round "2"]
[White "BilodeauA"]
[Black "ftorodent"]
[Result "1-0"]
[WhiteElo "2650"]
[BlackElo "2465"]
[TimeControl "180+2"]
[EndTime "13:23:17 PDT"]
[Termination "BilodeauA won on time"]

1. e4 e6 2. d4 d5 3. Nd2 c5 4. exd5 exd5 5. Ngf3 Nc6 6. Bb5 Bd6 7.
dxc5 Bxc5 8. O-O Ne7 9. Nb3 Bd6 10. h3 O-O 11. Re1 h6 12. c3 Bf5 13. Bd3 Qd7 14.
Nbd4 Bg6 15. Be3 Rad8 16. Qd2 Rfe8 17. Rad1 Bxd3 18. Qxd3 Ng6 19. Bd2 Nge5 20. Nxe5 Bxe5 21. Nf3 Bf6 22. Bf4 Rxe1+ 23. Rxe1 d4 24. c4 Nb4 25. Qb3 a5 26. a3 Na6 27. Qb6 a4 28. Bxh6 d3 29. Bd2 Rc8 30. Ne5 Bxe5 31. Rxe5 Rxc4 32. Qe3 Rc8 33. Re7 Qd5 34. h4 Nc5 35.
Re5 Qc4 36. Bc3 Nb3 37. Qg3 Nd4 38. Re4 Rd8 39. Kh2 Qc6 40. Bxd4 f6 41. Re7 1-0

[Event "*** MasterClass Titled Tuesday Blitz"]
[Site "Chess.com"]
[Date "2017.09.05"]
[Round "2"]
[White "MatthewG-p4p"]
[Black "RitvarsReimanis"]
[Result "0-1"]
[WhiteElo "2581"]
[BlackElo "2473"]
[TimeControl "180+2"]
[EndTime "13:23:24 PDT"]
[Termination "RitvarsReimanis won by resignation"]

1. c4 e6 2. Nf3 d5 3. g3 Nf6 4. Bg2 Be7 5. b3 O-O 6. O-O Ne4 7. Bb2 Bf6 8. d4 c6 9. Qc2 Be7 10. Nbd2 f5 11. Ne5 Nd7 12. Nd3 Bg5 13. Nf3 Bf6 14.
Nfe5 Nxe5 15. dxe5 Be7 16. cxd5 exd5 17. Rfd1 Ng5 18.
a3 Ne6 19. b4 a6 20. Qb3 Kh8 21.
Rac1 Bd7 22. a4 f4 23. Nc5 fxg3 24. hxg3 Nxc5 25. bxc5 Rb8 26. e4 Qa5 27. Bd4 dxe4 28. Bxe4 Bg4 29. Rd3 Qc7 30. Bb2 Rbd8 31. Re1 Bxc5 32.
Rde3 Qb6 33. Qxb6 Bxb6 34. Ba3 Bxe3 35. Rxe3 Rfe8 36. Bd6 g6 37. Kg2 Be6 38. Rc3 Bg8 39. Kf3 Kg7 40. Ke3 Bd5 41. Bxd5 Rxd6 42. Ba2 Rxe5+ 43. Kf4 Rf5+ 44. Ke3 Re5+ 45. Kf4 Re7 46. Rc2 Rd4+ 47. Kg5 Rxa4 48. f4 h6+ 49. Kg4 h5+ 50.
Kh4 Kh6 51. Rd2 g5+ 52. Kh3 gxf4 0-1

[Event "*** MasterClass Titled Tuesday Blitz"]
[Site "Chess.com"]
[Date "2017.09.05"]
[Round "2"]
[White "MyleneFarmer"]
[Black "HanSchut"]
[Result "1-0"]
[WhiteElo "2430"]
[BlackElo "2326"]
[TimeControl "180+2"]
[EndTime "13:23:25 PDT"]
[Termination "MyleneFarmer won by resignation"]

1. e4 c5 2. Nf3 d6 3. d4 cxd4 4. Qxd4 Bd7 5. c4 Nc6 6. Qe3 Rc8 7. Be2 g6 8. O-O Bg7 9. Nc3 Nf6 10. h3 O-O 11. Rd1 Qa5 12. Bd2 Qc5 13. Qxc5 dxc5 14. Be3 Rfd8 15. Bxc5 b6 16. Ba3 Be6 17. Rac1 Nd7 18. Nd5 Nde5 19. Nxe5 Bxe5 20. Bxe7 Bxb2 21. Rb1 Be5 22. Bxd8 Rxd8 23. Ne7+ Nxe7 24. Rxd8+ Kg7 25. Ra8 Nc6 26. g3 Bd4 27. Kg2 Bc5 28. f4 a5 29.
Bf3 Nd4 30. e5 Bxc4 31. Rc1 Bxa2 32. Ra7 Nxf3 33. Kxf3 Bd5+ 34. Ke2 Bb3 35. Rxc5 bxc5 36. Rxa5 c4 37. Rc5 Ba2 38. Kd2 Bb3 39. Kc3 g5 40. f5 h5 41. h4 gxh4 42. gxh4 Kf8 43. Kd4 Kg7 44. Rc7 Kg8 45. f6 Ba2 46. Rxc4 Bxc4 47. Kxc4 Kf8 48. Kd4 Kg8 49. Ke3 Kh7 50. Ke4 Kg6 51.
Kf4 Kh6 52. Kf5 Kh7 53. Kg5 Kg8 54. Kxh5 1-0

[Event "*** MasterClass Titled Tuesday Blitz"]
[Site "Chess.com"]
[Date "2017.09.05"]
[Round "2"]
[White "gmcorrales"]
[Black "swayamsm"]
[Result "0-1"]
[WhiteElo "2671"]
[BlackElo "2512"]
[TimeControl "180+2"]
[EndTime "13:23:31 PDT"]
[Termination "swayamsm won by checkmate"]

1. e4 e6 2. d4 d5 3. e5 c5 4. c3 Nc6 5. Nf3 Qb6 6. Be2 Nh6 7.
b3 Nf5 8. Bb2 Be7 9. h4 Bd7 10.
h5 Rc8 11. Kf1 a5 12. a4 f6 13. g4 Nh6 14. exf6 gxf6 15. Rg1 Rg8 16. Ne1 Nf7 17. Na3 Nd6 18. Nb5 cxd4 19. cxd4 Nb4 20. Nxd6+ Bxd6 21. Nd3 Nc2 22. Nc5 Nxa1 23. Nxd7 Kxd7 24. Bb5+ Ke7 25. Bxa1 Qc7 26. Qf3 Qc2 27. Bd3 Qxb3 28. Kg2 Qxa4 29. Re1 Kf7 30. Rxe6 Kxe6 31. Qf5+ Kf7 32.
Qxh7+ Kf8 33. Qh6+ Ke7 34. Qh7+ Kf8 35. Qh6+ Ke7 36.
Bf5 Rc7 37. Bc3 Rxc3 38. Qh7+ Kf8 39. Be6 Rg7 40. Qh8+ Ke7 41. Qxg7+ Kxe6 42. h6 Qxd4 43. h7 Qe4+ 44. f3 Qxf3+ 45. Kg1 Rc1# 0-1

[Event "*** MasterClass Titled Tuesday Blitz"]
[Site "Chess.com"]
[Date "2017.09.05"]
[Round "2"]
[White "TomsKantans"]
[Black "temiksmozg"]
[Result "1-0"]
[WhiteElo "2429"]
[BlackElo "2415"]
[TimeControl "180+2"]
[EndTime "13:23:32 PDT"]
[Termination "TomsKantans won by resignation"]

1. e4 e5 2. Nf3 Nc6 3. Bb5 Nf6 4. O-O Nxe4 5. Re1 Nd6 6. Nxe5 Be7 7. Bf1 Nxe5 8. Rxe5 O-O 9. d4 Ne8 10. a4 d5 11. a5 Bf6 12. Re1 Nd6 13. a6 b6 14.
Bf4 c6 15. c3 Bf5 16. Nd2 Re8 17. Rxe8+ Nxe8 18. g4 Bd7 19. h3 Bg5 20. Bh2 Be7 21.
c4 Be6 22. Qa4 Rc8 23. Bg2 Bd6 24. Bxd6 Qxd6 25. cxd5 cxd5 26. Nf3 f6 27. Re1 Bf7 28. Bf1 Qc7 29. Nh4 g6 30. Ng2 Nd6 31. Ne3 Ne4 32. Bg2 Qf4 33. Bxe4 dxe4 34. Qd7 Qc7 35. Qb5 Qd6 36.
d5 Rc5 37. Qa4 Qe5 38. Rd1 Qd6 39. Qxe4 Kg7 40. Qd4 Rc7 41. g5 Rd7 42. Ng4 h6 43. Nxf6 1-0

[Event "*** MasterClass Titled Tuesday Blitz"]
[Site "Chess.com"]
[Date "2017.09.05"]
[Round "2"]
[White "TigranLPetrosyan"]
[Black "Frolik67"]
[Result "1-0"]
[WhiteElo "2738"]
[BlackElo "2507"]
[TimeControl "180+2"]
[EndTime "13:23:38 PDT"]
[Termination "TigranLPetrosyan won by resignation"]

1. e4 e6 2. d3 d5 3. Nd2 c5 4. Ngf3 Nc6 5. g3 g6 6. Bg2 Bg7 7. O-O Nge7 8. Re1 O-O 9. Qe2 a5 10. a4 b6 11. exd5 exd5 12. Nb1 Nf5 13. c3 Ba6 14. Qc2 Qd7 15. Na3 Rfe8 16. Bd2 d4 17.
Nc4 Rab8 18. Rxe8+ Qxe8 19. g4 Nh6 20. Re1 Qd7 21. h3 dxc3 22. bxc3 Bxc4 23. dxc4 f6 24. Bf4 Re8 25. Rd1 Qc8 26. Qb1 g5 27. Bg3 Qa6 28.
Qb5 Qxb5 29. cxb5 Ne7 30. Rd6 Nf7 31. Rxb6 Nd5 32. Rc6 Nxc3 33. b6 Ne2+ 34. Kf1 Nxg3+ 35. fxg3 Rb8 36. Ke2 Nd8 37. Rd6 Nf7 38. Re6 Nd8 39.
Rd6 Nf7 40. Rc6 Nd8 41. Rxc5 Rxb6 42. Rxa5 Nc6 43. Rb5 Ra6 44. Rc5 Bf8 45. Rc4 Nb4 46. Nd4 Rxa4 47. Be4 Ra2+ 48. Kf3 Ra3+ 49. Kg2 Re3 50.
Nf5 Re2+ 51. Kf3 Rd2 52. Rc8 Rd7 53. h4 Na6 54. Bc6 Rd3+ 55. Ke2 Nb4 56. Bb5 Rd5 57. Bc4 Kf7 58. Ne3 1-0

[Event "*** MasterClass Titled Tuesday Blitz"]
[Site "Chess.com"]
[Date "2017.09.05"]
[Round "2"]
[White "pastouche06"]
[Black "XeresLt"]
[Result "0-1"]
[WhiteElo "2334"]
[BlackElo "2404"]
[TimeControl "180+2"]
[EndTime "13:23:43 PDT"]
[Termination "XeresLt won on time"]

1. d4 Nf6 2. Nc3 d5 3. e4 Nxe4 4. Nxe4 dxe4 5. Bc4 e6 6. Be3 Nd7 7. c3 Nf6 8. f3 Bd7 9. fxe4 Bc6 10. Nf3 Bxe4 11.
O-O Be7 12. Ne5 Bd5 13. Bd3 b6 14. Bb5+ Kf8 15. Qe1 Bxg2 16. Rxf6 Bxf6 17. Nd7+ Ke7 18. Kxg2 Rc8 19. Bc6 Qg8 20. d5 Rd8 21. dxe6 fxe6 22. Rd1 Qf7 23. Qg3 Qg6 24. Qxg6 hxg6 25. Bf4 Rh4 26. Bxc7 Rc8 27. Bd6+ Kf7 28. Bb5 Rg4+ 29. Kf3 Rg5 30. c4 Rf5+ 31. Ke4 Rh8 32. Ne5+ Bxe5 33. Bxe5 Rh4+ 34. Ke3 Rxe5+ 35. Kf3 Rf5+ 36. Kg3 Re4 37. Rd7+ Kf6 38. Rxa7 Re3+ 39. Kg2 Re2+ 40. Kg3 Rxb2 41.
Ra6 g5 42. a4 Rb3+ 43. Kg2 Re5 44. Rxb6 Re2+ 45. Kf1 Rc2 46. Bd7 Rxb6 0-1

[Event "*** MasterClass Titled Tuesday Blitz"]
[Site "Chess.com"]
[Date "2017.09.05"]
[Round "2"]
[White "Noukii"]
[Black "NTBT_DHS"]
[Result "1-0"]
[WhiteElo "2663"]
[BlackElo "2539"]
[TimeControl "180+2"]
[EndTime "13:23:47 PDT"]
[Termination "Noukii won by resignation"]

1. d4 g6 2. c4 Bg7 3. Nc3 d6 4.
Nf3 Nf6 5. e4 O-O 6. Be2 e5 7.
O-O Nc6 8. d5 Ne7 9. b4 a5 10. Ba3 axb4 11. Bxb4 Nh5 12. Re1 Nf4 13. Bf1 Bg4 14. c5 dxc5 15. Bxc5 b6 16. Bb4 Kh8 17. h3 Bxf3 18. Qxf3 f5 19. g3 fxe4 20. Qxe4 Nh5 21.
Rad1 Qd7 22. d6 c5 23. dxe7 Qxe7 24. Nd5 Qf7 25. Bxc5 bxc5 26. Rd2 Ra3 27. Re3 Nxg3 28. Qg2 Nxf1 29. Qxf1 Rxe3 30. Nxe3 e4 31. Qc4 Qf3 32. Qxc5 Qxh3 33. a4 Rb8 34. Rd1 Qc8 35. Qd5 Qe8 36.
a5 h5 37. a6 Qa4 38. Qd6 Rb3 39.
Qxg6 Rd3 40. Rb1 Rd8 41. Qxh5+ Kg8 42. Qg6 Rf8 43. Qe6+ Kh8 44. Kg2 Bf6 45. Rh1+ Kg7 46. Qg4+ Kf7 47. Rh7+ Ke8 48. Qe6+ Kd8 49. a7 1-0

[Event "*** MasterClass Titled Tuesday Blitz"]
[Site "Chess.com"]
[Date "2017.09.05"]
[Round "2"]
[White "GMKrikor"]
[Black "SavelijTartakover"]
[Result "1-0"]
[WhiteElo "2575"]
[BlackElo "2571"]
[TimeControl "180+2"]
[EndTime "13:23:53 PDT"]
[Termination "GMKrikor won by resignation"]

1. e4 c5 2. Nf3 d6 3. d4 cxd4 4.
Nxd4 Nf6 5. Nc3 Nc6 6. Bg5 e6 7.
Qd2 a6 8. O-O-O Bd7 9. f3 Be7 10. Be3 h5 11. Kb1 b5 12. Bd3 Qc7 13. h3 h4 14. Rhe1 Rb8 15. f4 Nxd4 16. Bxd4 b4 17. Ne2 e5 18. Bf2 a5 19. Ng1 a4 20. Nf3 exf4 21. e5 dxe5 22. Nxe5 Be6 23. Qxf4 Nd5 24. Qe4 a3 25. Bc4 Nf6 26. Qe2 b3 27. cxb3 axb2 28.
Bxe6 fxe6 29. Nc4 Nd5 30. Qxe6 Nc3+ 31. Kxb2 Nxd1+ 32. Rxd1 Rd8 33. Qg6+ Kf8 34. Bd4 Rxd4 35. Rf1+ Bf6 36. Rxf6+ gxf6 37. Qxf6+ Kg8 38. Qxd4 Qg7 39. Qxg7+ Kxg7 40. a4 Kf6 41. a5 Rg8 42. a6 Rxg2+ 43. Ka3 Rg7 44. b4 Rg3+ 45. Ka4 Ke6 46. a7 Rg8 47.
Nb6 Kf5 48. a8=Q Rxa8+ 49. Nxa8 Kf4 50. b5 Kg3 51. b6 Kxh3 52. b7 1-0

[Event "*** MasterClass Titled Tuesday Blitz"]
[Site "Chess.com"]
[Date "2017.09.05"]
[Round "2"]
[White "popov_m"]
[Black "chessking2151"]
[Result "1-0"]
[WhiteElo "2436"]
[BlackElo "2335"]
[TimeControl "180+2"]
[EndTime "13:23:54 PDT"]
[Termination "popov_m won by resignation"]

1. d4 Nf6 2. Bf4 e6 3. e3 c5 4. c3 Nc6 5. Nd2 d5 6. Ngf3 Bd6 7.
Bg3 O-O 8. Bb5 Ne7 9. Bd3 Qc7 10. Qe2 Nf5 11. Bxf5 exf5 12. Bxd6 Qxd6 13. dxc5 Qxc5 14.
Nb3 Qb6 15. O-O a5 16. Nbd4 Re8 17. Qc2 Ne4 18. Rad1 Bd7 19. Ne2 Bc6 20. Nf4 Rad8 21.
Nd4 g6 22. Qb3 Qc7 23. Nb5 Qe5 24. Nd4 Qc7 25. Qa3 Kg7 26. Nb3 b6 27. Nd4 Bb7 28.
Qb3 Qc5 29. Qc2 Ba6 30. Rfe1 Kg8 31. Nb3 Qc6 32. Nc1 Bc4 33. Nce2 f6 34. Nd4 Qd6 35.
a3 Kh8 36. h4 Re7 37. h5 Kg7 38. g3 Kh6 39. hxg6 hxg6 40. Kg2 Qd7 41. Rh1+ Kg7 42. Rh2 g5 43. Nh5+ Kg6 44. Rdh1 a4 45. Qd1 Rg8 46. Qf3 Rf7 47. Nf4+ Kg7 48. Nfe6+ Qxe6 49. Nxe6+ 1-0